 Dungeon Crawl Stone Soup version 0.31-a0-1529-g7bd419a0e5 (webtiles) character file.

Game seed: 17258139630525678383

41 voltaire321 the Sneak (level 3, -2/23 HPs)
             Began as an Octopode Air Elementalist on Dec 31, 2023.
             Slain by a gnoll
             ... wielding a +0 spear
              (7 damage)
             ... on level 2 of the Dungeon.
             The game lasted 00:03:44 (924 turns).

voltaire321 the Sneak (Octopode Air Elementalist)    Turns: 924, Time: 00:03:44

Health: -2/23      AC:  1    Str:  7    XL:     3   Next: 52%
Magic:  4/6        EV: 12    Int: 19    God:
Gold:   66         SH:  4    Dex: 12    Spells: 5/6 levels left

rFire   . . .        i - +0 short sword
rCold   . . .        d - +0 buckler
rNeg    . . .        (helmet restricted)
rPois   .            (no amulet)
rElec   .            b - ring of resist corrosion
rCorr   +            (no ring)
SInv    .            (no ring)
Will    .....        (no ring)
Stlth   +++          (no ring)
HPRegen 0.23/turn    (no ring)
MPRegen 0.10/turn    (no ring)
                     (no ring)

%: no passive effects
@: very slightly contaminated
A: almost no armour, amphibious, 8 rings, camouflage 1, gelatinous body 1,
(nimble swimmer 1), tentacles
a: no special abilities


You were on level 2 of the Dungeon.
You visited 1 branch of the dungeon, and saw 2 of its levels.

You collected 66 gold pieces.

Inventory:

Hand Weapons
 i - a +0 short sword (weapon)
Armour
 d - a +0 buckler (worn)
Jewellery
 b - a ring of resist corrosion (left tentacle)
Scrolls
 e - a scroll of enchant weapon {unknown}
Potions
 a - a potion of magic
 f - a potion of lignification {unknown}
 g - 2 potions of heal wounds {unknown}
 h - a potion of brilliance {unknown}


   Skills:
 + Level 1.0 Fighting
 + Level 2.2 Dodging
 + Level 3.3 Stealth
 + Level 0.4 Shields
 + Level 2.2 Spellcasting
 + Level 1.5 Conjurations
 + Level 3.2 Air Magic


You had 5 spell levels left.
You knew the following spells:

 Your Spells              Type           Power      Damage    Failure   Level
a - Shock                 Conj/Air       44%        1d5       11%         1

Your spell library contained the following spells:

 Spells                   Type           Power      Damage    Failure   Level
 Static Discharge         Conj/Air       22%        3-4/arc   16%         2
 Swiftness                Air            14%        N/A       22%         3
 Airstrike                Air            7%         2d(1-17)  58%         4


Dungeon Overview and Level Annotations

Branches:
Dungeon (2/15)

Altars:

Shops:
D:1 =


Innate Abilities, Weirdness & Mutations

You cannot wear most types of armour.
You are amphibious.
You can wear up to eight rings at the same time.
Your skin changes colour to match your surroundings (Stealth+).
Your rubbery body absorbs attacks. (AC +1, EV +1)
((You are camouflaged when in or above water. (Stealth+)))
You have tentacles for arms and can constrict up to eight enemies at once.


Message History

A ball python comes into view. 2 gnolls come into view.
Found 15 gold pieces.
The gnoll shouts!
The ball python barely misses you. x4
You closely miss the ball python. Your grab misses the ball python.
Your squeeze misses the ball python. The ball python barely misses you.
The ball python grabs you. The ball python constricts you.
You barely miss the ball python. You grab the ball python.
You constrict the ball python. The ball python barely misses you.
The ball python constricts you.
You hit the ball python.
The ball python is severely wounded.
You constrict the ball python.
You kill the ball python!
Aiming: Shock (safe; 11% risk of failure)
Press: ? - help, Q - select action Shift-Dir - straight line, f - gnoll
Aim: a gnoll, wielding a +0 spear (72% to hit)
You miscast Shock.
You are very lightly contaminated with residual magic.
Nothing appears to happen.
Aiming: Shock (safe; 11% risk of failure)
Press: ? - help, Q - select action Shift-Dir - straight line, f/p - gnoll
Aim: a gnoll, wielding a +0 spear (72% to hit)
The zap hits the gnoll.
The gnoll is moderately wounded.
The gnoll barely misses you. The gnoll hits you with a +0 spear.
You hit the gnoll. You grab the gnoll.
The gnoll is moderately wounded.
You constrict the gnoll, but do no damage.
The gnoll hits you with a +0 spear.
You hit the gnoll but do no damage.
The gnoll is moderately wounded.
You constrict the gnoll. The gnoll hits you with a +0 spear. x2
* * * LOW HITPOINT WARNING * * *
You hit the gnoll.
The gnoll is heavily wounded.
You constrict the gnoll. The gnoll hits you with a +0 spear!
You die...

#. .#.# ##.###### #...#
.......###...###
......##...... ...>.
..$..#### #.#.# ........
######.#.####...#
.........#.....#g#
..#####.#.###..†@###.#.
..#####†#)##............
..........##..##..##.#..
..#...........[.....^
....>.#..###..##..##.#
..#.###..# #..###.# # .
#.# #..# #..# .# #.#
#..# #.. .# #)# #..## .#


You could see a gnoll.

Vanquished Creatures
  A dart slug (D:1)
  4 ball pythons
  3 bats (D:1)
  4 endoplasms (D:1)
  A giant cockroach (D:1)
  2 goblins
  A hobgoblin (D:1)
  5 jackals (D:1)
  4 frilled lizards
  4 kobolds
  7 rats (D:1)
36 creatures vanquished.

Notes
Turn   | Place    | Note
-------+----------+-------------------------------------------
     0 | D:1      | voltaire321 the Octopode Air Elementalist began the quest
                  | for the Orb.
     0 | D:1      | Reached XP level 1. HP: 11/11 MP: 3/3
   116 | D:1      | Reached XP level 2. HP: 18/18 MP: 1/5
   366 | D:1      | Reached skill level 1 in Fighting
   366 | D:1      | Reached XP level 3. HP: 23/23 MP: 6/6
   670 | D:1      | Found Wynkin's Jewellery Shop.
   924 | D:2      | Slain by a gnoll

Illustrated notes

Levels and vault maps discovered:
D:1:      eino_arrival_cavern_b, layout_rooms, serial_shops,
          nicolae_shop_statue_plus, interstate_on_off, minmay_nonomino_d4
D:2:      layout_loops_ring, st_stairs_11, minmay_misc_feat_cross,
          chequers_mini_garden, uniq_terence, uniq_robin, uniq_sigmund

Skill      XL: |  1  2 |
---------------+-------+-----
Stealth        | 3 |  3.3
Fighting       | 1 |  1.0
Dodging        | |  2.2
Shields        | |  0.4
Spellcasting   | |  2.2
Conjurations   | |  1.5
Air Magic      | |  3.2

Action                     || total
---------------------------++-------
  Melee: Unarmed           ||    19
         Constrict         ||    20
         Tentacles         ||    11
         Dagger            ||    46
         Short sword       ||     8
   Cast: Shock             ||     9
   Stab: Sleeping          ||    11
 Armour: Skin              ||    31
  Dodge: Dodged            ||    44
  Block: Buckler           ||     8

Table legend: (Time is in decaauts)
 A = Elapsed time spent in this place.
 B = Non-inter-level travel time spent in this place.
 C = Inter-level travel time spent in this place.
 D = Time resting spent in this place.
 E = Time spent auto-exploring this place.
 F = Levels seen in this place.
 G = Mean time per level.
                   A        B        C        D        E       F      G
               +--------+--------+--------+--------+--------+-----+--------+
         Total |    926 |    926 |      0 |     15 |    587 |   2 |  463.0 |
       Dungeon |    926 |    926 |      0 |     15 |    587 |   2 |  463.0 |
               +--------+--------+--------+--------+--------+-----+--------+

Top non-repeatable levels by time:
     D:1: 881 daAuts
     D:2: 45 daAuts
